3AA
ASHEVILLE HIGHLANDERS @ MINNESOTA LOONS
06/15/2042
 
TOP OF THE 1ST
Asheville Highlanders batting - Pitching for Minnesota Loons : RHP Fred Olsen
Pitching: RHP Fred Olsen
Batting: RHB Tony Castellanos 0-0: Ball
1-0: Ball
2-0: Foul Ball, location: 2F
2-1: Ball
3-1: Base on Balls
Batting: RHB Tikaroa Hakapuna 0-0: Ball
Tony Castellanos steals 2nd base (no throw)
1-0: Called Strike
1-1: Ball
2-1: SINGLE (Line Drive, 9LM, EV 109.4 MPH)
Tony Castellanos to third
Batting: RHB Koryusai Maejima 0-0: Swinging Strike
0-1: SINGLE (Line Drive, 89S, EV 92.5 MPH)
Tony Castellanos scores
Tikaroa Hakapuna to second
Runner from 2nd tries for 3rd, SAFE, throw by RF made to third
Batting: LHB Mark Mears 0-0: Ball
Koryusai Maejima is caught stealing 2nd base 2-6
1-0: SINGLE (Groundball, 34, EV 91.9 MPH) (infield hit)
Tikaroa Hakapuna scores
Batting: RHB Dusan Kontic 0-0: Called Strike
0-1: Foul Ball, location: 2F
0-2: Ball
1-2: Ball
2-2: Foul Ball, location: 2F
2-2: Ball
3-2: Foul Ball, location: 2F
3-2: SINGLE (Line Drive, 7LS, EV 91.9 MPH)
Mark Mears to second
Batting: RHB Ivano Pohvisnev 0-0: Ball
1-0: Ball
2-0: Ball
3-0: Base on Balls
Mark Mears to third
Dusan Kontic to second
Batting: RHB José Portiz 0-0: Called Strike
0-1: Ball
1-1: Foul Ball, location: 2F
1-2: Foul Ball, location: 2F
1-2: Fielders Choice at 2nd, 6-4 (Groundball, 6, EV 110.6 MPH)
Mark Mears scores
Dusan Kontic to third
Batting: LHB Frank Morris 0-0: Called Strike
0-1: Called Strike
0-2: Foul Ball, location: 2F
0-2: Ball
1-2: Strikes out swinging
Top of the 1st over - 3 runs, 4 hits, 0 errors, 2 left on base; Asheville 3 - Minnesota 0
BOTTOM OF THE 1ST
Minnesota Loons batting - Pitching for Asheville Highlanders : RHP Vicente Molina
Pitching: RHP Vicente Molina
Batting: LHB Steve Williams 0-0: Called Strike
0-1: Ball
1-1: Bunt missed!
1-2: Ground out U3 (Groundball, 3L, EV 80.6 MPH)
Batting: RHB Sergei Adjubei 0-0: Swinging Strike
0-1: Reached on error, E7 (Line Drive, 7, EV 96.9 MPH)
Batting: LHB Juan Ritaquevedo 0-0: Foul Ball, location: 2F
0-1: Ball
1-1: Called Strike
1-2: Fly out, F8 (Line Drive, 8LM, EV 96.9 MPH)
Batting: SHB Pavlushenka Galanov 0-0: Called Strike
0-1: Ball
Sergei Adjubei is caught stealing 2nd base 2-6
Bottom of the 1st over - 0 runs, 0 hits, 1 error, 0 left on base; Asheville 3 - Minnesota 0
TOP OF THE 2ND
Asheville Highlanders batting - Pitching for Minnesota Loons : RHP Fred Olsen
Batting: RHB John Alexander 0-0: Called Strike
0-1: Ball
1-1: Ground out 5-3 (Groundball, 56S, EV 82.5 MPH)
Batting: RHB Tony Castellanos 0-0: Called Strike
0-1: Ball
1-1: Foul Ball, location: 2F
1-2: Fly out, F9 (Flyball, 89S, EV 93.1 MPH)
Batting: RHB Tikaroa Hakapuna 0-0: Called Strike
0-1: Swinging Strike
0-2: Ball
1-2: Ball
2-2: Strikes out swinging
Top of the 2nd over - 0 runs, 0 hits, 0 errors, 0 left on base; Asheville 3 - Minnesota 0
BOTTOM OF THE 2ND
Minnesota Loons batting - Pitching for Asheville Highlanders : RHP Vicente Molina
Batting: SHB Pavlushenka Galanov 0-0: Called Strike
0-1: Foul Ball, location: 2F
0-2: Ball
1-2: Fly out, F8 (Flyball, 8LD, EV 83.1 MPH)
Batting: RHB Jordan Attoe 0-0: Ball
1-0: Foul Ball, location: 2F
1-1: Ball
2-1: SINGLE (Flyball, 9LS, EV 86.2 MPH)
Batting: RHB Effie Atsaves 0-0: Ball
1-0: Called Strike
1-1: Fly out, F8 (Flyball, 8LM, EV 91.9 MPH)
Batting: RHB José Garrastazu 0-0: Swinging Strike
0-1: Fly out, F4 (Line Drive, 4, EV 66.2 MPH)
Bottom of the 2nd over - 0 runs, 1 hit, 0 errors, 1 left on base; Asheville 3 - Minnesota 0
TOP OF THE 3RD
Asheville Highlanders batting - Pitching for Minnesota Loons : RHP Fred Olsen
Batting: RHB Koryusai Maejima 0-0: Ball
1-0: Called Strike
1-1: Foul Ball, location: 2F
1-2: Ball
2-2: Ball
3-2: Foul Ball, location: 2F
3-2: Strikes out looking
Batting: LHB Mark Mears 0-0: Ball
1-0: Ball
2-0: Called Strike
2-1: Fly out, F8 (Flyball, 8LXD, EV 89.4 MPH)
Batting: RHB Dusan Kontic 0-0: Called Strike
0-1: Called Strike
0-2: Fly out, F4 (Popup, 3S, EV 81.9 MPH)
Top of the 3rd over - 0 runs, 0 hits, 0 errors, 0 left on base; Asheville 3 - Minnesota 0
BOTTOM OF THE 3RD
Minnesota Loons batting - Pitching for Asheville Highlanders : RHP Vicente Molina
Batting: RHB Dan Barnes 0-0: Ball
1-0: Ball
2-0: Called Strike
2-1: Ball
3-1: Base on Balls
Batting: RHB Martin Mullinger 0-0: Called Strike
0-1: Foul Ball, location: 2F
0-2: DOUBLE (Line Drive, 9LM, EV 110.6 MPH)
Dan Barnes to third
Batting: LHB Steve Williams 0-0: Ball
1-0: Foul Ball, location: 2F
1-1: Foul Ball, location: 2F
1-2: Foul Ball, location: 2F
1-2: Ball
2-2: Ball
3-2: SINGLE (Flyball, 78M, EV 99.4 MPH)
Dan Barnes scores
Martin Mullinger to third
Runner from 3rd tries for Home, SAFE, throw by LF to home
Batting: RHB Sergei Adjubei 0-0: Ball
1-0: Fly out, F3 (Popup, 34S, EV 68.1 MPH)
Batting: LHB Juan Ritaquevedo 0-0: Called Strike
0-1: Swinging Strike
0-2: Foul Ball, location: 2F
0-2: Fly out, F9 (Flyball, 89D, EV 106.9 MPH)
Batting: SHB Pavlushenka Galanov 0-0: Ball
1-0: Ball
2-0: Called Strike
2-1: Ball
3-1: Foul Ball, location: 2F
3-2: Strikes out swinging
Bottom of the 3rd over - 2 runs, 2 hits, 0 errors, 1 left on base; Asheville 3 - Minnesota 2
TOP OF THE 4TH
Asheville Highlanders batting - Pitching for Minnesota Loons : RHP Fred Olsen
Batting: RHB Ivano Pohvisnev 0-0: Foul Ball, location: 2F
0-1: Fly out, F7 (Flyball, 7, EV 83.1 MPH)
Batting: RHB José Portiz 0-0: Ground out 4-3 (Groundball, 34, EV 102.5 MPH)
Batting: LHB Frank Morris 0-0: Called Strike
0-1: Foul Ball, location: 2F
0-2: SINGLE (Line Drive, 9S, EV 106.2 MPH)
Batting: RHB John Alexander 0-0: Called Strike
0-1: Ball
1-1: Foul Ball, location: 2F
1-2: Ball
2-2: Ground out 5-3 (Groundball, 56S, EV 86.9 MPH)
Top of the 4th over - 0 runs, 1 hit, 0 errors, 1 left on base; Asheville 3 - Minnesota 2
BOTTOM OF THE 4TH
Minnesota Loons batting - Pitching for Asheville Highlanders : RHP Vicente Molina
Batting: RHB Jordan Attoe 0-0: Called Strike
0-1: Called Strike
0-2: Foul Ball, location: 2F
0-2: SINGLE (Line Drive, 78M, EV 84.4 MPH)
Batting: RHB Effie Atsaves 0-0: Ball
1-0: Ball
2-0: Called Strike
2-1: Ball
3-1: Swinging Strike
3-2: SINGLE (Line Drive, 7S, EV 100.6 MPH)
Jordan Attoe to second
Batting: RHB José Garrastazu 0-0: Grounds into double play, U3-6 (Groundball, 3L, EV 105.0 MPH)
Jordan Attoe to third
Batting: RHB Dan Barnes 0-0: Called Strike
0-1: DOUBLE (Flyball, 89D, EV 92.5 MPH)
Jordan Attoe scores
Batting: RHB Martin Mullinger 0-0: Called Strike
0-1: Called Strike
0-2: Ball
1-2: Ball
2-2: Foul Ball, location: 2F
2-2: Strikes out swinging
Bottom of the 4th over - 1 run, 3 hits, 0 errors, 1 left on base; Asheville 3 - Minnesota 3
TOP OF THE 5TH
Asheville Highlanders batting - Pitching for Minnesota Loons : RHP Fred Olsen
Batting: RHB Tony Castellanos 0-0: Ball
1-0: Called Strike
1-1: Foul Ball, location: 2F
1-2: Ground out U3 (Groundball, 34, EV 108.1 MPH)
Batting: RHB Tikaroa Hakapuna 0-0: Called Strike
0-1: Fly out, F8 (Flyball, 8LM, EV 91.9 MPH)
Batting: RHB Koryusai Maejima 0-0: Called Strike
0-1: Ground out 6-3 (Groundball, 6M, EV 98.1 MPH)
Top of the 5th over - 0 runs, 0 hits, 0 errors, 0 left on base; Asheville 3 - Minnesota 3
BOTTOM OF THE 5TH
Minnesota Loons batting - Pitching for Asheville Highlanders : RHP Vicente Molina
Batting: LHB Steve Williams 0-0: Called Strike
0-1: SINGLE (Line Drive, 9S, EV 110.6 MPH)
Batting: RHB Sergei Adjubei 0-0: Bunt - Flyout to 25! F5
Batting: LHB Juan Ritaquevedo 0-0: DOUBLE (Line Drive, 89D, EV 109.4 MPH)
Steve Williams to third
Batting: SHB Pavlushenka Galanov 0-0: SINGLE (Groundball, 6, EV 101.2 MPH) (infield hit)
Steve Williams scores
Juan Ritaquevedo to third
Batting: RHB Jordan Attoe 0-0: Swinging Strike
0-1: Foul Ball, location: 2F
0-2: Ball
1-2: Ball
2-2: Ball
3-2: Base on Balls
Pavlushenka Galanov to second
Batting: RHB Effie Atsaves 0-0: Ball
1-0: Foul Ball, location: 2F
1-1: Ball
2-1: Foul Ball, location: 2F
2-2: Strikes out looking
Batting: RHB José Garrastazu 0-0: Ball
1-0: Ball
2-0: Ground out 4-3 (Groundball, 4, EV 92.5 MPH)
Bottom of the 5th over - 1 run, 3 hits, 0 errors, 3 left on base; Asheville 3 - Minnesota 4
TOP OF THE 6TH
Asheville Highlanders batting - Pitching for Minnesota Loons : RHP Fred Olsen
Batting: LHB Mark Mears 0-0: Swinging Strike
0-1: Ball
1-1: Ball
2-1: Foul Ball, location: 2F
2-2: Foul Ball, location: 2F
2-2: Strikes out swinging
Batting: RHB Dusan Kontic 0-0: Ball
1-0: SINGLE (Line Drive, 89M, EV 100.6 MPH)
Batting: RHB Ivano Pohvisnev 0-0: Ball
1-0: Ball
2-0: Called Strike
2-1: Foul Ball, location: 2F
2-2: Grounds into double play, 6-4-3 (Groundball, 56, EV 96.2 MPH)
Top of the 6th over - 0 runs, 1 hit, 0 errors, 0 left on base; Asheville 3 - Minnesota 4
BOTTOM OF THE 6TH
Minnesota Loons batting - Pitching for Asheville Highlanders : RHP Vicente Molina
Pitching: RHP Tobin Basch
Batting: RHB Dan Barnes 0-0: Called Strike
0-1: Ball
1-1: Ball
2-1: DOUBLE (Flyball, 8LXD, EV 100.0 MPH)
Batting: RHB Martin Mullinger 0-0: Ball
1-0: DOUBLE (Line Drive, 7LM, EV 112.5 MPH)
Dan Barnes scores
Batting: LHB Steve Williams 0-0: Ground out 4-3 (Groundball, 4, EV 100.6 MPH)
Martin Mullinger to third
Batting: RHB Sergei Adjubei 0-0: Ground out U3 (Groundball, 3S, EV 82.5 MPH)
Batting: LHB Juan Ritaquevedo 0-0: Swinging Strike
0-1: Ball
1-1: Called Strike
1-2: Strikes out swinging
Bottom of the 6th over - 1 run, 2 hits, 0 errors, 1 left on base; Asheville 3 - Minnesota 5
TOP OF THE 7TH
Asheville Highlanders batting - Pitching for Minnesota Loons : RHP Fred Olsen
Batting: RHB José Portiz 0-0: Ball
1-0: Ball
2-0: SINGLE (Groundball, 6MD, EV 103.1 MPH)
Batting: LHB Frank Morris 0-0: Ball
1-0: Ball
2-0: Ball
3-0: Called Strike
3-1: Foul Ball, location: 2F
3-2: DOUBLE (Flyball, 78D, EV 110.0 MPH)
José Portiz to third
Pitching: RHP Maxwell Security
Batting: RHB John Alexander 0-0: Ball
1-0: Called Strike
1-1: Ball
2-1: Foul Ball, location: 2F
2-2: SINGLE (Groundball, 56D, EV 103.8 MPH)
José Portiz scores
Frank Morris to third
Batting: RHB Tony Castellanos 0-0: Ball
1-0: Foul Ball, location: 2F
1-1: Foul Ball, location: 2F
1-2: Foul Ball, location: 2F
1-2: Strikes out swinging
Batting: RHB Tikaroa Hakapuna 0-0: SINGLE (Line Drive, 78S, EV 91.2 MPH)
Frank Morris scores
John Alexander to second
Batting: RHB Koryusai Maejima 0-0: SINGLE (Line Drive, 34D, EV 102.5 MPH)
John Alexander to third
Tikaroa Hakapuna to second
Batting: LHB Mark Mears 0-0: Called Strike
0-1: Ball
1-1: Called Strike
1-2: Ball
2-2: Foul Ball, location: 2F
2-2: Foul Ball, location: 2F
2-2: Ball
3-2: DOUBLE (Line Drive, 89M, EV 88.1 MPH)
John Alexander scores
Tikaroa Hakapuna scores
Koryusai Maejima to third
Runner from 3rd tries for Home, SAFE, throw by CF to home
Pitching: RHP Manny Crespo
Batting: RHB Dusan Kontic 0-0: Ball
1-0: Ball
2-0: Ball
3-0: Called Strike
3-1: Reached on error, E1 (Groundball, 13, EV 78.1 MPH)
Mark Mears to third
Batting: RHB Ivano Pohvisnev 0-0: Called Strike
0-1: Fly out, F8 (Line Drive, 8LD, EV 99.4 MPH)
Runner from 3rd tags up, SCORES, throw by CF
Batting: RHB José Portiz 0-0: Ball
1-0: Called Strike
1-1: Swinging Strike
1-2: Ball
2-2: Foul Ball, location: 2F
2-2: Fly out, F7 (Line Drive, 7D, EV 93.1 MPH)
Top of the 7th over - 6 runs, 6 hits, 1 error, 1 left on base; Asheville 9 - Minnesota 5
BOTTOM OF THE 7TH
Minnesota Loons batting - Pitching for Asheville Highlanders : RHP Tobin Basch
Batting: SHB Pavlushenka Galanov 0-0: Ball
1-0: SINGLE (Groundball, 3D, EV 97.5 MPH)
Batting: RHB Jordan Attoe 0-0: Ball
1-0: Called Strike
1-1: Swinging Strike
1-2: Ball
2-2: Strikes out swinging
Batting: RHB Effie Atsaves 0-0: Foul Ball, location: 2F
0-1: Called Strike
0-2: Ball
1-2: Fielders Choice at 2nd, 3-6 (Groundball, 34, EV 90.6 MPH)
Batting: RHB José Garrastazu 0-0: Called Strike
0-1: Swinging Strike
0-2: SINGLE (Groundball, 34D, EV 96.9 MPH)
Effie Atsaves to second
Runner from 2nd tries for 3rd, SAFE, no throw by RF
Batting: RHB Dan Barnes 0-0: Fly out, F8 (Line Drive, 8RD, EV 90.6 MPH)
Bottom of the 7th over - 0 runs, 2 hits, 0 errors, 2 left on base; Asheville 9 - Minnesota 5
TOP OF THE 8TH
Asheville Highlanders batting - Pitching for Minnesota Loons : RHP Manny Crespo
Batting: LHB Frank Morris 0-0: Ball
1-0: DOUBLE (Flyball, 89D, EV 94.4 MPH)
Batting: RHB John Alexander 0-0: Called Strike
0-1: Ball
1-1: Fly out, F5 (Line Drive, 5, EV 67.5 MPH)
Batting: RHB Tony Castellanos 0-0: Called Strike
0-1: Called Strike
0-2: Strikes out looking
Batting: RHB Tikaroa Hakapuna 0-0: Ball
1-0: Ball
2-0: Swinging Strike
2-1: Foul Ball, location: 2F
2-2: Strikes out swinging
Top of the 8th over - 0 runs, 1 hit, 0 errors, 1 left on base; Asheville 9 - Minnesota 5
BOTTOM OF THE 8TH
Minnesota Loons batting - Pitching for Asheville Highlanders : RHP Tobin Basch
Batting: RHB Martin Mullinger 0-0: Called Strike
0-1: TRIPLE (Line Drive, 78XD, EV 105.6 MPH)
Batting: LHB Steve Williams 0-0: Fly out, F1 (Line Drive, P, EV 64.4 MPH)
Batting: RHB Sergei Adjubei 0-0: Ball
1-0: Fly out, F5 (Line Drive, 5, EV 65.6 MPH)
Batting: LHB Juan Ritaquevedo 0-0: Called Strike
0-1: Ball
1-1: Ball
2-1: Foul Ball, location: 2F
2-2: Ground out 1-3 (Groundball, 34S, EV 92.5 MPH)
Bottom of the 8th over - 0 runs, 1 hit, 0 errors, 1 left on base; Asheville 9 - Minnesota 5
TOP OF THE 9TH
Asheville Highlanders batting - Pitching for Minnesota Loons : RHP Manny Crespo
Batting: RHB Koryusai Maejima 0-0: Ball
1-0: Ball
2-0: SINGLE (Groundball, 56D, EV 101.2 MPH)
Batting: LHB Mark Mears 0-0: Ball
1-0: Ball
2-0: Ball
Wild Pitch!
Koryusai Maejima to second
3-0: Called Strike
3-1: Ground out U3 (Groundball, 3L, EV 84.4 MPH)
Koryusai Maejima to third
Batting: RHB Dusan Kontic 0-0: Swinging Strike
0-1: Called Strike
0-2: SINGLE (Groundball, 6D, EV 105.6 MPH)
Koryusai Maejima scores
Pitching: RHP Yoshinori Nakada
Batting: RHB Ivano Pohvisnev 0-0: Fly out, F8 (Line Drive, 8LD, EV 91.2 MPH)
Batting: RHB José Portiz 0-0: Called Strike
0-1: SINGLE (Groundball, 3D, EV 100.6 MPH)
Dusan Kontic to second
Runner from 2nd tries for 3rd, SAFE, throw by RF made to third
Batting: LHB Frank Morris 0-0: Swinging Strike
0-1: Ball
1-1: Ground out 4-3 (Groundball, 4, EV 89.4 MPH)
Top of the 9th over - 1 run, 3 hits, 0 errors, 2 left on base; Asheville 10 - Minnesota 5
BOTTOM OF THE 9TH
Minnesota Loons batting - Pitching for Asheville Highlanders : RHP Tobin Basch
Batting: SHB Pavlushenka Galanov 0-0: Ball
1-0: Foul Ball, location: 2F
1-1: Swinging Strike
1-2: Ground out 4-3 (Groundball, 34, EV 100.6 MPH)
Batting: RHB Jordan Attoe 0-0: SINGLE (Flyball, 4MD, EV 93.1 MPH)
Pitching: RHP Jason Cannon
Batting: RHB Effie Atsaves 0-0: Ball
1-0: Called Strike
1-1: 2-RUN HOME RUN (Flyball, 7LD, EV 88.8 MPH), Distance : 340 ft
Batting: RHB José Garrastazu 0-0: Ball
1-0: Ball
2-0: Called Strike
2-1: Ground out 6-3 (Groundball, 6, EV 103.1 MPH)
Batting: RHB Dan Barnes 0-0: Ball
1-0: Ball
2-0: Ball
3-0: Called Strike
3-1: Fly out, F4 (Line Drive, 4, EV 68.1 MPH)
Bottom of the 9th over - 2 runs, 2 hits, 0 errors, 0 left on base; Asheville 10 - Minnesota 7
Friday, March 26th, 2021 - OOTP Baseball 20.8 Build 74